AoeStats
← Tomato

Oasis

507827349Analyzed
4v4 RM · 12d ago on Sep 19, 2026· 26m 45s· 8 players
Game mode
Random Map
Map size
Large (8 player)
Population
200
Speed
Normal
Resources
Standard
Victory
Conquest
Starting age
Dark Age
Ending age
Imperial Age
RankedLock teamsTeams togetherTeam positionsShared explorationLock speedFull tech treeHidden civsTurbo modeCheats
Victory
Defeat
🇨🇱 Romans · Chile
1404
+13
🇲🇽 Turks · Mexico
1390
+14
🇲🇽 Tupi · Mexico
1337
+16
🇲🇽 Khitans · Mexico
1330
+16
🇳🇱 Mongols · Netherlands
1370
-16
🇮🇹 Britons · Italy
1338
-15
🇬🇧 Maya · United Kingdom
1319
-14
🇹🇷 Magyars · Türkiye
1317
-14
RifRaf
10:57 Feudal Age
9:15 Loom
11:01 Feudal Age
16:17 Castle Age
14:21 Double-Bit Axe
14:30 Horse Collar
15:40 Scale Barding Armor
17:44 Bow Saw
26:19 Wheelbarrow
25:30 Town Watch
HSL | errik
6:19 Loom
9:08 Feudal Age
9:49 Double-Bit Axe
12:31 Fletching
17:11 Padded Archer Armor
24:04 Castle Age
22:22 Scale Mail Armor
22:17 Horse Collar
24:43 Bodkin Arrow
24:34 Crossbowman
Tomato
10:12 Feudal Age
10:01 Loom
11:48 Double-Bit Axe
11:57 Horse Collar
13:12 Wheelbarrow
16:39 Castle Age
15:05 Gold Mining
16:27 Bloodlines
17:06 Forging
17:38 Bow Saw
19:51 Husbandry
20:37 Scale Barding Armor
24:46 Chain Barding Armor
25:04 Heavy Plow
Blue
0:29 Loom
12:04 Feudal Age
13:09 Double-Bit Axe
17:19 Castle Age
22:08 Fletching
22:22 Double-Bit Axe
23:53 Bow Saw
25:14 Horse Collar
De_Aztek
8:09 Loom
9:54 Feudal Age
11:02 Double-Bit Axe
17:47 Castle Age
17:14 Fletching
19:16 Gold Mining
21:16 Bodkin Arrow
26:10 Ballistics
Dark Gundam
6:54 Loom
9:47 Feudal Age
10:31 Double-Bit Axe
12:07 Horse Collar
14:22 Bloodlines
15:32 Wheelbarrow
21:05 Castle Age
20:00 Forging
20:07 Gold Mining
20:30 Scale Barding Armor
22:48 Husbandry
24:25 Town Watch
25:43 Chain Barding Armor
27:01 Iron Casting
OM | Romeo D. Sins
5:05 Loom
9:05 Feudal Age
9:39 Double-Bit Axe
14:58 Forging
15:50 Scale Barding Armor
17:51 Domestication
19:40 Wheelbarrow
19:56 Gold Mining
23:12 Castle Age
24:30 Iron Casting
23:58 Husbandry
24:24 Pastoralism
24:36 Bow Saw
24:15 Light Cavalry
27:18 Chain Barding Armor
GunsNroses
4:58 Loom
11:26 Feudal Age
11:50 Man-at-Arms
12:45 Scale Mail Armor
19:22 Forging
21:52 Castle Age
20:30 Double-Bit Axe
20:28 Horse Collar
21:56 Pikeman
22:59 Chain Mail Armor
27:19 Bow Saw
Connection lost

Rejoining the realm…

Still unreachable

The connection could not be restored.

Session expired

The server has moved on; the page needs a fresh start.